AoeStats
← ITZ | AutocavS

Arabia

508897639Analyzed
1v1 RM · 9d ago on Sep 24, 2026· 54m 43s· 2 players
Game mode
Random Map
Map size
Tiny (2 player)
Population
200
Speed
Normal
Resources
Standard
Victory
Conquest
Starting age
Dark Age
Ending age
Imperial Age
RankedLock teamsTeams togetherTeam positionsShared explorationLock speedFull tech treeHidden civsTurbo modeCheats
Victory
Defeat
🇧🇷 Varangians · Brazil
1415
+19
🇦🇷 Magyars · Argentina
1470
-19
_LiPe_
6:49 Loom
9:20 Feudal Age
10:11 Double-Bit Axe
12:49 Bloodlines
20:47 Castle Age
18:58 Scale Barding Armor
19:08 Forging
18:56 Gold Mining
19:58 Scale Barding Armor
22:08 Iron Casting
22:03 Husbandry
25:42 Chain Barding Armor
25:16 Horse Collar
39:40 Light Cavalry
43:08 Stone Mining
44:21 Wheelbarrow
47:32 Imperial Age
47:32 Bow Saw
48:13 Wheelbarrow
47:45 Town Watch
47:34 Cavalier
48:53 Plate Barding Armor
50:55 Conscription
52:22 Blast Furnace
52:44 Wheelbarrow
52:56 Vendel Legacy
ITZ | AutocavS
5:57 Loom
8:53 Feudal Age
9:23 Double-Bit Axe
12:41 Horse Collar
21:00 Castle Age
18:59 Gold Mining
20:32 Scale Barding Armor
21:15 Bloodlines
25:00 Gold Shaft Mining
25:49 Husbandry
28:04 Bow Saw
28:24 Stone Mining
35:41 Wheelbarrow
35:48 Pikeman
39:07 Imperial Age
40:23 Cavalier
45:08 Chain Barding Armor
53:46 Scale Mail Armor
Connection lost

Rejoining the realm…

Still unreachable

The connection could not be restored.

Session expired

The server has moved on; the page needs a fresh start.